 Dungeon Crawl Stone Soup version 0.29.1-13-g9f3cf754e1 (webtiles) character file.

Game seed: 17213889138236345190

33 DemonSlayer the Digger (level 3, -2/24 HPs)
             Began as a Demonspawn Earth Elementalist on Feb 12, 2023.
             Splashed by a jelly's acid (8 damage)
             ... on level 2 of the Dungeon.
             The game lasted 00:02:34 (1061 turns).

DemonSlayer the Digger (DsEE)                       Turns: 1061, Time: 00:02:34

Health: -2/24      AC: -2    Str: 10    XL:     3   Next: 12%
Magic:  6/6        EV: 12    Int: 16    God:
Gold:   95         SH:  4    Dex: 13    Spells: 6/7 levels left

rFire   . . .      SeeInvis .   k - +0 rapier
rCold   . . .      Faith    .   (no shield)
rNeg    . . .      Spirit   .   a - +0 robe
rPois   .          Reflect  .   (no helmet)
rElec   .          Harm     .   (no cloak)
rCorr   .          Rampage  .   (no gloves)
Will    .....                   (no boots)
Stlth   ++........              (no amulet)
HPRegen 0.08/turn               (no ring)
MPRegen 0.20/turn               (no ring)

@: corroded
A: large bone plates 1, magic regeneration
a: no special abilities


You were on level 2 of the Dungeon.
You visited 1 branch of the dungeon, and saw 2 of its levels.

You collected 95 gold pieces.

Inventory:

Hand Weapons
 k - a +0 rapier (weapon)
Armour
 a - a +0 robe (worn)
Jewellery
 j - a ring of resist corrosion
Scrolls
 c - a scroll of brand weapon {unknown}
 e - 2 scrolls of identify {unknown}
 g - a scroll of magic mapping {unknown}
Potions
 b - a potion of magic
 d - a potion of lignification {unknown}
 f - a potion of haste {unknown}
 h - a potion of ambrosia {unknown}
 i - 2 potions of degeneration {unknown}


   Skills:
 + Level 1.9 Dodging
 + Level 2.0 Stealth
 + Level 2.5 Spellcasting
 + Level 0.8 Transmutations
 + Level 3.3 Earth Magic


You had 6 spell levels left.
You knew the following spells:

 Your Spells              Type           Power      Damage    Failure   Level
a - Sandblast             Erth           24%        2d8       4%          1

Your spell library contained the following spells:

 Spells                   Type           Power      Damage    Failure   Level
 Passwall                 Tmut/Erth      6%         N/A       13%         2
 Stone Arrow              Conj/Erth      14%        3d7       30%         3
 Petrify                  Tmut/Erth      8%         N/A       63%         4
 Passage of Golubria      Tloc           2%         N/A       89%         4
 Silence                  Hex/Air        1%         N/A       99%         5
 Lehudib's Crystal Spear  Conj/Erth      3%         10d3      100%        8
 Chain Lightning          Conj/Air       1%         3d1       100%        9
 Fire Storm               Conj/Fire      1%         7d1       100%        9
 Shatter                  Erth           6%         3d9*      100%        9


Dungeon Overview and Level Annotations

Branches:
Dungeon (2/15)

Altars:

Shops:
D:1 ?


Innate Abilities, Weirdness & Mutations

You are partially covered in large bone plates. (SH +4)
You regenerate magic rapidly.


Message History

The blast of sand hits the kobold but does no damage.
You block the kobold's attack.
The blast of sand hits the kobold.
You kill the kobold!
No target in view!
You can't see any susceptible monsters within range! (Use Z to cast anyway.)
You can't see any susceptible monsters within range! (Use Z to cast anyway.)
Things that are here:
a +0 dagger; a kobold corpse You open the door.
A jelly comes into view.
Found a rat skeleton.
A jelly is nearby!
A jelly is nearby!
A jelly is nearby! 2 jellies and 9 endoplasms come into view.
Found four items.
The jelly jiggles.
There is an open door here.
The endoplasm quivers.
The jelly quivers.
You see here a goblin skeleton.
The blast of sand hits the jelly!
The jelly is severely wounded.
The endoplasm quivers. x4
The jelly hits you.
You are splashed with acid!
You block the jelly's attack. The endoplasm freezes you.
You are frozen.
The jelly attacks as you move away! The jelly hits you but does no damage.
The endoplasm attacks as you move away! The endoplasm completely misses you.
The jelly attacks as you move away! The jelly hits you but does no damage.
The endoplasm quivers. x2
The endoplasm hits the fungus.
The fungus begins to die.
There is an open door here.
The jelly attacks as you move away! The jelly hits you but does no damage.
Things that are here:
a +0 dagger; a kobold corpse The jelly attacks as you move away!
The jelly hits you.
* * * LOW HITPOINT WARNING * * *
The acid corrodes you!
You are splashed with acid!
You die...

#.#.#####.# ###########.#
#........)# #.# ###.#######
#)# ######.######### #)#
....†..##.....÷########## #.##
#####(.##.P..J.J##.[....###).#
#..##.....÷#J#.......##..#
#..##..P÷JP#J#....)...'..#
#..##..JJ..#@#........'..#
#).##.PP...#.#'#......'.##
#..##..J..J#.#.#.....##.#
#..##P.P.JP#.#.#....#####
#!.J..J##.####### ###########


You could see a jelly and 2 endoplasms.

Vanquished Creatures
  An adder (D:2)
  2 bats (D:1)
  An endoplasm (D:1)
  3 hobgoblins
  2 jackals (D:2)
  6 kobolds
  A quokka (D:2)
  2 frilled lizards
  6 rats
24 creatures vanquished.

Vanquished Creatures (others)
  9 toadstools (D:2)
9 creatures vanquished.

Grand Total: 33 creatures vanquished

Notes
Turn   | Place    | Note
-------+----------+-------------------------------------------
     0 | D:1      | DemonSlayer the Demonspawn Earth Elementalist began the
                  | quest for the Orb.
     0 | D:1      | Reached XP level 1. HP: 13/13 MP: 3/3
   156 | D:1      | Found a faded altar of an unknown god.
   321 | D:1      | Reached skill level 3 in Earth Magic
   343 | D:1      | Found Hivit's Magic Scroll Emporium.
   410 | D:1      | Gained mutation: You are partially covered in large bone
                  | plates. (SH +4) [demonic ancestry]
   410 | D:1      | Reached XP level 2. HP: 19/19 MP: 3/5
   957 | D:2      | Gained mutation: You regenerate magic rapidly. [demonic
                  | ancestry]
   957 | D:2      | Reached XP level 3. HP: 24/24 MP: 2/6
  1061 | D:2      | Splashed by a jelly's acid

Illustrated notes

Levels and vault maps discovered:
D:1:      minmay_arrival_floating_metal, layout_rooms, serial_shops, shop,
          dreamdust_ecumenical_altar_statues
D:2:      cheibrodos_fertilizer, layout_basic

Skill      XL: |  1  2 |
---------------+-------+-----
Earth Magic    | 3 |  3.3
Stealth        | 2 |  2.0
Dodging        | |  1.9
Spellcasting   | |  2.5
Transmutations | |  0.8

Action                   || total
-------------------------++-------
Melee: Unarmed           ||     5
 Cast: Sandblast         ||    35
Armor: Robe              ||     4
Dodge: Dodged            ||    14
Block: Other             ||     7
